 Dungeon Crawl Stone Soup version 0.31-a0-986-g5e6e4ef867 (webtiles) character file.

Game seed: 12693964476405227060

1740 Fodor the Cleaver (level 8, -5/71 HPs)
             Began as a Minotaur Fighter on Nov 23, 2023.
             Slain by a red devil
             ... wielding a +0 demon trident of electrocution
             ... summoned by a kobold demonologist
              (18 damage)
             ... on level 6 of the Dungeon.
             The game lasted 00:28:16 (4447 turns).

Fodor the Cleaver (Minotaur Fighter)                Turns: 4447, Time: 00:28:19

Health: -5/71      AC: 10    Str: 22    XL:     8   Next: 77%
Magic:  7/7        EV: 14    Int:  5    God:
Gold:   166        SH:  0    Dex: 11    Spells: 7/7 levels left

rFire   . . .        o - +0 battleaxe
rCold   . . .        (shield currently unavailable)
rNeg    . . .        i - +0 chain mail
rPois   .            (helmet currently unavailable)
rElec   .            s - melded +2 cloak
rCorr   .            (gloves currently unavailable)
SInv    .            (boots currently unavailable)
Will    +....        h - amulet of the acrobat Stlth
                     j - ring of willpower
HPRegen 0.31/turn    l - +5 ring of evasion
MPRegen 0.10/turn

%: acrobat
@: mighty, beast-form, spiked
A: beast (slay +0), horns 2, retaliatory headbutt
a: Begin Untransformation


You were on level 6 of the Dungeon.
You were a hulking beast.
You visited 1 branch of the dungeon, and saw 6 of its levels.

You collected 166 gold pieces.

Inventory:

Hand Weapons
 o - a +0 battleaxe (weapon)
 y - a +0 shortbow
Missiles
 x - a boomerang
Armour
 i - a +0 chain mail (worn)
 s - a +2 cloak (melded)
Jewellery
 h - an amulet of the acrobat (around neck)
 j - a ring of willpower (left hand)
 l - a +5 ring of evasion (right hand)
Talismans
 m - a granite talisman
 q - a beast talisman (active)
 z - the blade talisman "Yfum" {rElec}
   (You found it on level 5 of the Dungeon)

   [blade talisman]

   rElec:     It insulates you from electricity.
Wands
 a - a wand of digging (5)
 f - a wand of flame (27)
 t - a wand of charming (6)
Scrolls
 c - 2 scrolls of fog {unknown}
 e - a scroll of vulnerability
 g - 3 scrolls of teleportation
 k - 6 scrolls of revelation
 n - 3 scrolls of enchant armour
 p - a scroll of fear
 r - a scroll of blinking {unknown}
 u - a scroll of poison
 w - a scroll of immolation
 B - a scroll of brand weapon {unknown}
 D - a scroll of silence {unknown}
Potions
 b - a potion of heal wounds {unknown}
 d - a potion of might
 v - a potion of curing
 A - a potion of ambrosia {unknown}


   Skills:
 + Level 6.5 Fighting
 + Level 10.5 Axes
 + Level 6.1 Armour
 + Level 2.7 Dodging
 + Level 0.3 Stealth
 + Level 4.6 Shields
 + Level 0.1 Shapeshifting


You had 7 spell levels left.
You didn't know any spells.
Your spell library contained the following spells:

 Spells                   Type           Power      Damage    Failure   Level
 Freeze                   Ice            0%         1d3       97%         1
 Slow                     Hex            0%         N/A       97%         1
 Scorch                   Fire           0%         2d5       99%         2
 Confusing Touch          Hex            0%         N/A       100%        3
 Frozen Ramparts          Ice            0%         1d1       100%        3
 Hailstorm                Conj/Ice       0%         3d3       100%        3
 Ozocubu's Armour         Ice            0%         N/A       100%        3
 Sigil of Binding         Hex            0%         N/A       100%        3
 Vampiric Draining        Necr           0%         2d6       100%        3
 Cause Fear               Hex            0%         N/A       100%        4
 Flame Wave               Conj/Fire      0%         2d4       100%        4
 Fireball                 Conj/Fire      0%         3d3       100%        5
 Summon Cactus Giant      Summ           0%         N/A       100%        6
 Ozocubu's Refrigeration  Ice            0%         4d7       100%        7
 Dragon's Call            Summ           0%         N/A       100%        9


Dungeon Overview and Level Annotations

Branches:
Dungeon (6/15)
 Temple: D:4-7

Altars:
Makhleb
Yredelemnul

Shops:
D:4 *=


Innate Abilities, Weirdness & Mutations

You are a hulking beast.
Your limbs bulge with bestial killing power. (Slay +0)
You have a pair of horns on your head.
You reflexively headbutt those who attack you in melee.


Message History

Wildpjah's ghost hits you!
You barely miss wildpjah's ghost. Your headbutt misses wildpjah's ghost.
Wildpjah's ghost is heavily damaged.
Wildpjah's ghost barely misses you. You furiously retaliate!
You headbutt wildpjah's ghost!
The kobold demonologist looks braver for a moment.
Wildpjah's ghost hits you but does no damage.
You miss wildpjah's ghost. You headbutt wildpjah's ghost.
Wildpjah's ghost is almost destroyed.
Wildpjah's ghost barely misses you.
You closely miss wildpjah's ghost.
Wildpjah's ghost is almost destroyed.
Wildpjah's ghost hits you!
* * * LOW HITPOINT WARNING * * *
You feel better.
The quasit disappears in a puff of smoke!
Wildpjah's ghost hits you but does no damage.
The kobold demonologist gestures wildly while chanting.
You feel very mighty all of a sudden.
Wildpjah's ghost hits you but does no damage.
You miss wildpjah's ghost.
Wildpjah's ghost is almost destroyed.
Wildpjah's ghost barely misses you.
The kobold demonologist looks satisfied for a moment.
You slice wildpjah's ghost!!
You destroy wildpjah's ghost!
Your Axes skill increases to level 10!
Your Armour skill increases to level 6!
You barely miss the kobold demonologist.
Your headbutt misses the kobold demonologist.
The ufetubus disappears in a puff of smoke!
The kobold demonologist mumbles some strange words.
The kobold demonologist barely misses you.
You closely miss the kobold demonologist.
You closely miss the red devil.
The kobold demonologist closely misses you.
The red devil hits you with a +0 demon trident of electrocution!
* * * LOW HITPOINT WARNING * * *
Barbed spikes become lodged in your body.
You are electrocuted!!
You die...

## .# ######## .# #......#
######## .# #.####.# #.......
.################[####.###.......
.#...............................
.#...........####.####.#.#.......
.............33Kh4# #...#.......
####..####...ยง##### #####.......
.....##...........# ###.####
##.##.............###### #.....
#>##...........W......# ######
##.#...#########...<...#
...#...#......o#.K.....#
##.#...#..#.#..#.......#
##.#...#.?.#...'K......#


You could see a kobold demonologist, a smoke demon (summoned), a ynoxinul
(summoned) and a red devil (summoned).

Vanquished Creatures
  The ghost of wildpjah the Carver, a novice MfGl (D:6)
  Eustachio (D:6)
  A sky beast (D:6)
  An ice beast (D:6)
  A black bear (D:4)
  An ogre (D:6)
  A phantom (D:5)
  A bullfrog (D:6)
  A scorpion (D:6)
  A water moccasin zombie (D:3)
  2 jellies (D:6)
  A hound (D:4)
  A sleepcap (D:6)
  2 orc priests
  Ijyb (D:4)
  3 iguanas
  3 orc wizards
  A hound zombie (D:3)
  Robin (D:4)
  7 adders
  A shadow imp (D:5)
  2 white imps (D:5)
  2 ufetubi (D:6)
  A dart slug (D:4)
  17 orcs
  5 bats
  13 endoplasms
  2 giant cockroaches
  15 goblins
  7 hobgoblins
  2 jackals (D:4)
  A quokka (D:3)
  A ball python (D:4)
  2 frilled lizards
  7 kobolds
  5 rats
115 creatures vanquished.

Notes
Turn   | Place    | Note
-------+----------+-------------------------------------------
     0 | D:1      | Fodor the Minotaur Fighter began the quest for the Orb.
     0 | D:1      | Reached XP level 1. HP: 19/19 MP: 0/0
   597 | D:1      | Reached XP level 2. HP: 27/27 MP: 1/1
  1070 | D:2      | Reached skill level 3 in Axes
  1083 | D:2      | Reached XP level 3. HP: 17/33 MP: 2/2
  1736 | D:3      | Found a burning altar of Makhleb.
  1762 | D:3      | Reached XP level 4. HP: 33/41 MP: 3/3
  1857 | D:3      | Reached skill level 4 in Axes
  2034 | D:3      | Reached XP level 5. HP: 47/47 MP: 4/4
  2043 | D:3      | Found a basalt altar of Yredelemnul.
  2427 | D:4      | Noticed a black bear
  2440 | D:4      | Killed a black bear
  2441 | D:4      | Reached skill level 5 in Fighting
  2441 | D:4      | Reached skill level 5 in Axes
  2441 | D:4      | Reached XP level 6. HP: 47/56 MP: 5/5
  2510 | D:4      | Reached skill level 1 in Dodging
  2555 | D:4      | Noticed Robin
  2573 | D:4      | Killed Robin
  2574 | D:4      | Reached skill level 6 in Axes
  2822 | D:4      | Found Neuduxt's Assorted Antiques.
  2889 | D:4      | Found Puceokev's Jewellery Boutique.
  2909 | D:4      | Noticed Ijyb
  2922 | D:4      | Killed Ijyb
  3064 | D:5      | Entered Level 5 of the Dungeon
  3115 | D:5      | Reached XP level 7. HP: 60/61 MP: 6/6
  3209 | D:5      | Reached skill level 7 in Axes
  3229 | D:5      | Identified the blade talisman "Yfum" {rElec}
  3514 | D:6      | Noticed a kobold demonologist
  3514 | D:6      | Found a runed translucent gate.
  3514 | D:6      | Found a runed translucent gate.
  3514 | D:6      | Found a runed translucent gate.
  3515 | D:6      | Noticed wildpjah's ghost (novice MfGl)
  3679 | D:6      | Reached skill level 8 in Axes
  4018 | D:6      | Noticed Eustachio
  4039 | D:6      | Killed Eustachio
  4040 | D:6      | Reached skill level 9 in Axes
  4040 | D:6      | Reached skill level 5 in Armour
  4040 | D:6      | Reached XP level 8. HP: 66/70 MP: 7/7
  4440 | D:6      | Noticed a smoke demon
  4445 | D:6      | Killed wildpjah's ghost
  4446 | D:6      | Reached skill level 10 in Axes
  4447 | D:6      | Noticed a red devil
  4447 | D:6      | Slain by a red devil

Illustrated notes

Levels and vault maps discovered:
D:1:      dpeg_arrival_signposts, layout_loops_corners
D:2:      layout_loops_ring
D:3:      layout_rooms, lightli_temple_of_fire, lemuel_zombie_altar_yredelemnul
D:4:      layout_basic, serial_shops, nicolae_shop_window_shopping, shop,
          uniq_robin, uniq_ijyb
D:5:      layout_rooms
D:6:      layout_basic, gammafunk_ghost_split, uniq_eustachio

Skill      XL: |  1  2  3  4  5  6  7  8 |
---------------+-------------------------+-----
Fighting       | 4 5 6 |  6.5
Axes           | 3 4 5 6 9 10 | 10.5
Armour         | 4 5 6 |  6.1
Shields        | 4 |  4.6
Dodging        | 1 2 |  2.7
Stealth        | |  0.3
Shapeshifting  | |  0.1

Action                     |  1- 3 |  4- 6 |  7- 9 || total
---------------------------+-------+-------+-------++-------
  Melee: War axe           |    60 |    17 |       ||    77
         Headbutt          |     7 |    15 |    16 ||    38
         Battleaxe         |       |    84 |    96 ||   180
    Use: Scroll            |       |     5 |     3 ||     8
         Potion            |       |       |     2 ||     2
 Armour: Scale mail        |     7 |       |       ||     7
         Chain mail        |    28 |    72 |    67 ||   167
  Dodge: Dodged            |    49 |   117 |    88 ||   254
  Block: Buckler           |    14 |     3 |       ||    17
   Form: Beast             |       |       |     1 ||     1

Table legend: (Time is in decaauts)
 A = Elapsed time spent in this place.
 B = Non-inter-level travel time spent in this place.
 C = Inter-level travel time spent in this place.
 D = Time resting spent in this place.
 E = Time spent auto-exploring this place.
 F = Levels seen in this place.
 G = Mean time per level.
                   A        B        C        D        E       F      G
               +--------+--------+--------+--------+--------+-----+--------+
         Total |   4536 |   4357 |    179 |    296 |      0 |   6 |  756.0 |
       Dungeon |   4536 |   4357 |    179 |    296 |      0 |   6 |  756.0 |
               +--------+--------+--------+--------+--------+-----+--------+

Top non-repeatable levels by time:
     D:1: 979 daAuts
     D:6: 952 daAuts
     D:4: 837 daAuts
     D:2: 764 daAuts
     D:3: 539 daAuts
     D:5: 461 daAuts
